Cogmind - Beta 9.6 @@@ ROGUE MODE // 2020.05.08 @ 21:06:47 // Winter2019/RPGLIKE Player: Demise Result: Destroyed by G-47 Trooper with Particle Gun Performance ------------- Evolutions (2) 1000 Regions Visited (4) 800 Robots Destroyed (34) 170 Value Destroyed (507) 507 Prototype IDs (6) 120 Alien Tech Used (0) 0 Bonus (10) 10 TOTAL SCORE: 2607 Bonus ------- High Alert Combat Kills 10 Cogmind --------- Core Integrity 0/600 Matter 141/350 Energy 121/125 System Corruption 0% Temperature Cool (13) Movement Flying (37) Location -8/Storage Parts ------- > --- POWER (1) -------- Light Ion Engine > --- PROPULSION (2) --- Flight Unit Flight Unit > --- UTILITY (4) ------ Improved Sensor Array Advanced Signal Interpreter Improved Terrain Scanner Melee Analysis Suite > --- WEAPON (2) ------- Light Assault Rifle Mace > --- INVENTORY (2) ---- Improved Light Armor Plating Grenade Launcher Peak State ------------ > --- POWER ------------ Light Ion Engine > --- PROPULSION ------- Flight Unit Flight Unit > --- UTILITY ---------- Improved Sensor Array Advanced Signal Interpreter Improved Terrain Scanner Melee Analysis Suite > --- WEAPON ----------- Light Assault Rifle Mace > --- INVENTORY -------- Improved Light Armor Plating Grenade Launcher [Rating: 16] Favorites ----------- Power Light Ion Engine Engine Light Ion Engine Propulsion Flight Unit Wheel Compact Wheel Flight Unit Flight Unit Utility Improved Terrain Scanner Device Improved Terrain Scanner Processor Improved Signal Interpreter Protection Improved Light Armor Plating Weapon Mace Energy Gun Medium Laser Ballistic Gun Assault Rifle Launcher Grenade Launcher Special Weapon Mining Laser Impact Weapon Mace Build | -11 -10 -9 -8 -8 ------- Run | Scr Mat Mat Mat Sto Slots Evolved 5 | 1 2 1 . 1 Power . | . . . . . Propulsion 1 | . . 1 . . Utility 3 | 1 1 . . 1 Weapon 1 | . 1 . . . Parts Attached 34 | 5 8 10 4 7 Power 2 | . . 2 . . Engine 2 | . . 2 . . Core . | . . . . . Reactor . | . . . . . Propulsion 7 | 1 2 2 . 2 Treads . | . . . . . Leg . | . . . . . Wheel 1 | 1 . . . . Hover . | . . . . . Flight 6 | . 2 2 . 2 Utility 11 | 3 2 2 2 2 Device 5 | 2 1 1 1 . Storage . | . . . . . Processor 4 | 1 1 . . 2 Hackware . | . . . . . Protection 2 | . . 1 1 . Artifact . | . . . . . Weapon 14 | 1 4 4 2 3 Energy Gun 1 | . . 1 . . Energy Cannon . | . . . . . Ballistic Gun 4 | 1 1 1 . 1 Ballistic Cannon . | . . . . . Launcher 4 | . 1 1 1 1 Special Weapon 1 | . 1 . . . Impact Weapon 4 | . 1 1 1 1 Slashing Weapon . | . . . . . Piercing Weapon . | . . . . . Special Melee Weapon . | . . . . . Unidentified Prototypes 2 | . . 2 . . Parts Lost . | . . . . . Power . | . . . . . Propulsion . | . . . . . Utility . | . . . . . Weapon . | . . . . . Highest Loss Streak . | . . . . . Average Slot Usage (%) 99 | . 99 100 100 97 Engine 13 | . 16 13 12 11 Flight 16 | . 12 14 25 21 Device 26 | . 27 27 24 23 Processor 14 | . 15 13 12 16 Ballistic Gun 11 | . 7 13 12 11 Launcher 1 | . 2 . . 1 Impact Weapon 11 | . 9 13 11 9 Naked Turns . | . . . . . Heaviest Build 14 | 6 9 14 11 10 Greatest Support 21 | 21 9 13 13 13 Greatest Overweight (x) 1 | 1 . 1 . . Average Overweight (x) . | . . . . . Largest Inventory Capacity 2 | 2 2 2 2 2 Average Capacity 1 | 1 2 2 2 2 Most Carried 2 | 2 2 2 2 2 Average Carried 1 | . 1 1 2 2 Final Capacity 2 | 2 2 2 2 2 Final Carried 2 | 2 2 2 2 2 Class Distribution -------------------- 87% | Scout 12% | Mutant Dominant Class ---------------- Scout | -10/Materials Scout | -9/Materials Scout | -8/Materials Scout | -8/Storage Resources | -11 -10 -9 -8 -8 ----------- Run | Scr Mat Mat Mat Sto Matter Collected 572 | 286 90 196 . . Remotely . | . . . . . Salvage Created 714 | 198 156 254 8 98 Parts 66 | 13 14 26 3 10 Haulers Intercepted 5 | . 2 2 . 1 Recyclers Shooed . | . . . . . Parts Field Recycled . | . . . . . Retrieved Matter . | . . . . . Parts Self-Destructed . | . . . . . Prevented . | . . . . . Kills | -11 -10 -9 -8 -8 ------- Run | Scr Mat Mat Mat Sto Combat Hostiles Destroyed 16 | . 3 7 3 3 Guns 5 | . . 4 . 1 AOE 11 | . 3 3 3 2 Classes Destroyed 7 | 3 3 1 . . Worker 3 | 2 . 1 . . Tunneler 4 | 4 . . . . Hauler 5 | . 2 2 . 1 Recycler 1 | 1 . . . . Operator 1 | . . 1 . . Watcher 4 | . 2 2 . . Swarmer 16 | . 3 7 3 3 Best Kill Streak 5 | 5 3 5 3 3 Combat Bots Only 4 | . 3 4 3 3 Max Kills in Single Turn 3 | 1 3 3 2 2 Gunslinging . | . . . . . Exploded 3 | . 3 3 2 2 Melee . | . . . . . Uniques/NPCs Destroyed . | . . . . . Combat | -11 -10 -9 -8 -8 -------- Run | Scr Mat Mat Mat Sto Damage Taken 789 | . 17 91 396 285 Core 610 | . 17 57 312 224 Absorbed by Shields . | . . . . . Redirected to Core 503 | . . 43 248 212 Core Remaining (%) 94 | 100 97 87 . . Volleys Fired 68 | 30 5 11 9 13 Largest 1 | 1 1 1 1 1 Hottest 100 | 50 100 30 30 30 Shots Fired 68 | 30 5 11 9 13 Gun 57 | 30 2 10 6 9 Cannon . | . . . . . Launcher 9 | . 1 1 3 4 Special 2 | . 2 . . . Kinetic 39 | 12 2 10 6 9 Thermal 20 | 18 2 . . . Explosive 9 | . 1 1 3 4 Electromagnetic . | . . . . . Robot Hit Streak 8 | 8 2 7 8 2 Robot Miss Streak 4 | 2 . 2 . 4 Penetration Max . | . . . . . Secondary Targets . | . . . . . Shots Hit Robots 62 | 22 8 16 11 5 Core Hits 38 | 8 8 10 8 4 Critical Hits . | . . . . . Critical Kills . | . . . . . Critical Parts Destroyed . | . . . . . Melee Attacks 107 | . 19 45 30 13 Impact 107 | . 19 45 30 13 Slashing . | . . . . . Piercing . | . . . . . Sneak Attacks 9 | . 2 5 . 2 Combat Hostiles . | . . . . . Follow-up Attacks . | . . . . . Damage Inflicted 2010 | 280 394 652 470 214 Guns 491 | 280 . 88 82 41 Cannons . | . . . . . Explosions 680 | . 132 153 337 58 Melee 839 | . 262 411 51 115 Ramming . | . . . . . Kinetic 315 | 104 . 88 82 41 Thermal 176 | 176 . . . . Explosive 680 | . 132 153 337 58 Electromagnetic . | . . . . . Impact 839 | . 262 411 51 115 Slashing . | . . . . . Piercing . | . . . . . Highest Corruption 3 | . 3 . . . Average Corruption 2 | . 2 . . . Corruption Purged . | . . . . . Effects 1 | . 1 . . . Targeting Errors 1 | . 1 . . . Overload Shots . | . . . . . Overflow Damage 208 | . 123 48 5 32 Projectiles . | . . . . . Explosions 5 | . . . 5 . Melee 203 | . 123 48 . 32 Knockbacks . | . . . . . Impact . | . . . . . Kinetic . | . . . . . Secondary . | . . . . . Self-Inflicted Damage 69 | . . . . 69 Shots 1 | . . . . 1 Rammed . | . . . . . Targets Rammed . | . . . . . Kicked . | . . . . . Crushed . | . . . . . Highest Temperature 80 | 80 20 . 15 15 Average Temperature 27 | 39 12 . 4 5 Received Heat Transfer 279 | . . 9 180 90 Siege Activations . | . . . . . Robots Corrupted . | . . . . . Combat Hostiles . | . . . . . Parts Fried 4 | . . 4 . . Impact Corruptions 6 | . 2 3 . 1 Robots Melted . | . . . . . Combat Hostiles . | . . . . . Parts Melted . | . . . . . Heat Transferred 518 | 518 . . . . Parts Sabotaged . | . . . . . Parts Stolen . | . . . . . Parts Stripped . | . . . . . Power Chain Reactions . | . . . . . Missiles Intercepted . | . . . . . Alert | -11 -10 -9 -8 -8 ------- Run | Scr Mat Mat Mat Sto Peak Influence 527 | 35 256 527 231 261 Average Influence 188 | 12 147 288 120 139 Maximum Alert Level 2 | . 1 2 1 1 Low Security (%) 54 | 100 73 18 89 63 Level 1 38 | . 26 63 10 36 Level 2 7 | . . 17 . . Level 3 . | . . . . . Level 4 . | . . . . . Level 5 . | . . . . . High Security . | . . . . . Max Security . | . . . . . Squads Dispatched 7 | . . . 6 1 Investigation 1 | . . . . 1 Extermination . | . . . . . Reinforcement 5 | . . . 5 . Assault . | . . . . . Garrison 1 | . . . 1 . Intercept . | . . . . . Construction Impeded 1 | . . . 1 . Haulers Reinforced . | . . . . . Stealth | -11 -10 -9 -8 -8 --------- Run | Scr Mat Mat Mat Sto Distress Signals 4 | . . . 3 1 Communications Jammed . | . . . . . Distress Signals . | . . . . . Times Spotted 73 | . 5 12 37 19 Peak Tracking Total 20 | . 3 4 20 10 Tactical Retreats 11 | . . 2 4 5 Traps | -11 -10 -9 -8 -8 ------- Run | Scr Mat Mat Mat Sto Traps Triggered 2 | . 2 . . . Indirectly . | . . . . . Trap Hack Attempts . | . . . . . Triggered . | . . . . . Disarmed . | . . . . . Reprogrammed . | . . . . . Reused . | . . . . . Traps Extracted . | . . . . . Installed . | . . . . . Triggered . | . . . . . Machines | -11 -10 -9 -8 -8 ---------- Run | Scr Mat Mat Mat Sto Machines Disabled 22 | . 5 12 4 1 Max in Single Turn 1 | . 1 1 1 1 Machines Sabotaged . | . . . . . Garrisons Compromised . | . . . . . Overloaded Fab Kills . | . . . . . Fab Network Shutdowns . | . . . . . Hacking | -11 -10 -9 -8 -8 --------- Run | Scr Mat Mat Mat Sto Machines Accessed 22 | . 7 6 3 6 Terminals 19 | . 5 6 3 5 Fabricators . | . . . . . Repair Stations 1 | . . . . 1 Recycling Units 2 | . 2 . . . Scanalyzers . | . . . . . Garrison Access . | . . . . . Total Hacks 78 | . 20 20 16 22 Successful 50 | . 13 15 10 12 Failed 28 | . 7 5 6 10 Catastrophic 3 | . 2 . . 1 Database Lockouts . | . . . . . Manual 51 | . 15 12 11 13 Terminals 72 | . 18 20 16 18 Fabricators . | . . . . . Repair Stations 4 | . . . . 4 Recycling Units 2 | . 2 . . . Scanalyzers . | . . . . . Garrison Access . | . . . . . Terminal Hacks 15 | . 3 7 3 2 Record 1 | . 1 . . . Part Schematic 1 | . 1 . . . Prototype ID Bank 2 | . . 1 . 1 Branch Access Points 2 | . . 1 1 . Emergency Access Points 1 | . . 1 . . Alert Level 1 | . . . . 1 Unreport Threat 4 | . . 2 2 . Hauler Manifests 2 | . 1 1 . . Registered Components 1 | . . 1 . . Fabricator Hacks . | . . . . . Repair Station Hacks 4 | . . . . 4 Scan Component 2 | . . . . 2 Repair 2 | . . . . 2 Recycling Unit Hacks 2 | . 2 . . . Report Inventory 2 | . 2 . . . Scanalyzer . | . . . . . Garrison Access Hacks . | . . . . . Unauthorized Hacks 29 | . 8 8 7 6 Terminals 29 | . 8 8 7 6 Track 11 | . 3 3 3 2 Assimilate 1 | . . . 1 . Botnet 17 | . 5 5 3 4 Fabricators . | . . . . . Repair Stations . | . . . . . Recycling Units . | . . . . . Scanalyzers . | . . . . . Garrison Access . | . . . . . Data Cores Recovered 1 | . . 1 . . Used . | . . . . . Hacking Detections 19 | . 5 5 3 6 Full Trace Events . | . . . . . Feedback Events . | . . . . . Feedback Blocked . | . . . . . Robot Schematics Acquired . | . . . . . Robots Built . | . . . . . Matter . | . . . . . Time . | . . . . . Total Robot Build Rating . | . . . . . Part Schematics Acquired 1 | . 1 . . . Parts Built . | . . . . . Matter . | . . . . . Time . | . . . . . Total Part Build Rating . | . . . . . Parts Repaired 2 | . . . . 2 Time 52 | . . . . 52 Parts Recycled . | . . . . . Recycled Matter . | . . . . . Retrieved Matter . | . . . . . Retrieved Components . | . . . . . Parts Scanalyzed . | . . . . . Part Schematics Acquired . | . . . . . Parts Damaged . | . . . . . Bothacking | -11 -10 -9 -8 -8 ------------ Run | Scr Mat Mat Mat Sto Used RIF Installer . | . . . . . Robots Hacked . | . . . . . Non-combat . | . . . . . Combat . | . . . . . Robot Hacks Applied . | . . . . . Relay Couplers Released . | . . . . . Robots Rewired . | . . . . . Allies Hacked . | . . . . . Hacks Repelled . | . . . . . Allies | -11 -10 -9 -8 -8 -------- Run | Scr Mat Mat Mat Sto Total Allies 1 | . . . 1 . Largest Group 1 | . . . 1 . Highest-Rated Group 10 | . . . 10 . Highest-Rated Ally 10 | . . . 10 . Total Orders . | . . . . . Ally Attacks . | . . . . . Total Damage . | . . . . . Kills . | . . . . . Allies Corrupted . | . . . . . Allies Melted . | . . . . . Intel | -11 -10 -9 -8 -8 ------- Run | Scr Mat Mat Mat Sto Robot Analysis Total . | . . . . . Derelict Logs Recovered . | . . . . . Drone Launches . | . . . . . Drone Recoveries . | . . . . . Exploration | -11 -10 -9 -8 -8 ------------- Run | Scr Mat Mat Mat Sto Turns Passed 1592 | 115 318 639 265 255 Spaces Moved 2249 | 70 555 859 400 365 Core 168 | 65 103 . . . Treads . | . . . . . Legs . | . . . . . Wheels 5 | 5 . . . . Hover . | . . . . . Flight 2076 | . 452 859 400 365 Fastest Speed 37 | 50 40 37 37 37 Average Speed 39 | 54 41 39 37 37 Slowest Speed 120 | 100 50 120 37 37 Overloaded Moves . | . . . . . Propulsion Burnouts . | . . . . . Robots Hopped 21 | . 1 2 12 6 Cave-ins Triggered . | . . . . . Exploration Rate (%) 50 | 4 76 59 56 58 Regions Visited 4 Branch Regions 1 Pre-discovered Areas . | . . . . . Known Exits Taken 3 | . 1 1 1 . Unknown Exits Taken 1 | 1 . . . . Scrap Searched . | . . . . . Spaces Dug 30 | . 5 11 8 6 Terrain Destroyed 83 | . 5 18 17 43 Melee 28 | . 3 11 8 6 Projectile 2 | . 2 . . . AOE 53 | . . 7 9 37 Actions | -11 -10 -9 -8 -8 --------- Run | Scr Mat Mat Mat Sto Total 2683 | 115 601 1073 448 446 Wait 228 | 7 8 142 18 53 Move 2204 | 69 552 854 376 353 Hop 20 | . 1 2 11 6 Pick Up 7 | 2 3 2 . . Fast Attach 14 | 3 3 5 . 3 Attach 2 | 1 1 . . . Detach 1 | . 1 . . . Swap 18 | 1 4 5 4 4 Drop 14 | 2 4 7 . 1 Fire 68 | 30 5 11 9 13 Melee 107 | . 19 45 30 13 Ram . | . . . . . Kick . | . . . . . Crush . | . . . . . Escape Stasis . | . . . . . Rewire . | . . . . . Trap . | . . . . . Miscellaneous . | . . . . . Route ------- -11/Scrapyard -10/Materials (discovered 4 exits: *Mat x2 / *Min x2) -9/Materials (discovered 4 exits: *Mat x2 / *Min x2) -8/Materials (discovered 3 exits: [*Fac x2] / *Sto) -8/Storage History --------- Turn | Location | Event 2 | -11/Scrapyard | Discovered new exit (range 1) 98 | -11/Scrapyard | Upgraded with Utility slot (x1) 116 | -11/Scrapyard | Entered Materials 201 | -10/Materials | Discovered new exit (range 17) 209 | -10/Materials | Upgraded with Utility slot (x1) 301 | -10/Materials | Discovered new exit (range 5) 302 | -10/Materials | Identified exit to Materials 318 | -10/Materials | Discovered new exit (range 9) 323 | -10/Materials | Identified exit to Mines 326 | -10/Materials | Upgraded with Weapon slot (x1) 349 | -10/Materials | Discovered exit to Mines (range 16) 434 | -10/Materials | Entered another Materials area 436 | -9/Materials | Reached level 2 517 | -9/Materials | Build established: Scout 527 | -9/Materials | Discovered new exit (range 17) 576 | -9/Materials | Reached level 3 612 | -9/Materials | Identified exit to Mines 670 | -9/Materials | Discovered new exit (range 17) 678 | -9/Materials | Identified exit to Materials 996 | -9/Materials | Discovered exit to Materials (range 11) 1045 | -9/Materials | Upgraded with Propulsion slot (x1) 1073 | -9/Materials | Entered another Materials area 1075 | -8/Materials | Reached level 4 1133 | -8/Materials | Reached level 5 1138 | -8/Materials | Discovered new exit (range 14) 1226 | -8/Materials | Discovered new exit (range 16) 1241 | -8/Materials | Garrison activated, responded to threat 1288 | -8/Materials | Identified exit to Storage 1323 | -8/Materials | Core integrity fell below 50% 1338 | -8/Materials | Entered Storage 1340 | -8/Storage | Reached level 6 1376 | -8/Storage | Repaired Flight Unit 1404 | -8/Storage | Repaired Flight Unit 1466 | -8/Storage | Upgraded with Utility slot (x1) 1501 | -8/Storage | Core integrity fell below 20% 1593 | -8/Storage | Destroyed by G-47 Trooper with Particle Gun Last Messages --------------- 01462_ K-01 Serf cleans the Terminal. 01466_ Upgraded: Utility Slot (+1) 01466_ W-25 Informer sends out distress signal. 01470_ Acquired Melee Analysis Suite. 01484_ Connecting with Garrison Access... 01489_ Connecting with Terminal... >>Trojan(Botnet) Trojan loaded successfully. Testing... Terminal linked with 3 systems. Awaiting botnet instructions. 01492_ Compression Vault explodes. 01500_ S-10 Pest destroyed. 01502_ The unstable cave ceiling collapses. 01506_ C-30 ARC bursts open, deploying its payload. 01506_ G-50 Soldier unfolds itself. 01506_ G-47 Trooper unfolds itself. 01512_ S-10 Pest destroyed. 01515_ Dropped Assault Rifle. 01537_ Discarded Imp. Signal Interpreter. Map ----- +----------------------------------------------------+ | ###?##?### ####??#?## ##### """ #?##### | | ?#####??## #?#? ? ? + ##### ####??# | | #?#?######" ### ?""?"# ##### ####### | | ###?# ## ###? """"# #?#######+########## | | ?#??# ########?## """"#m#?## | | ###?# #??######?# ""?"# #### | | ?#??# ##??######? Y??# #### | | #???# *##?###?#?#?#?#? ## ##?################+# | | ?#### =%################## #?####????# | | ???## = #?##?#?#??## """ """ | | #?### [ YggbY ######?????# """ """ | | ##?## = g#####Y######???#???## """ """ | | ?#### #######Y##### ##??#?#??###??# | | ###?# ######g##?## #?##"???##??#??######### | | ??### ####### ##??# ####?R"##?#??#??#?#????? | | ?#??# ########+##### ####"?"#?#####????? ???? | | ##### ### ## # ##? ?? ? #??????????? | | ??### # [ # """" # #""? ??? ? ??##??? ????? | | #?#?# + ! # "" " # #"T ? ?????????????? | | ##??# #### # """ " # #?" ?? ?#??????#???? | | #???# #### # " """ # ###? ? ? ##??????????? | | #?### #??# ! # " "" # #?? ? "?" ????????????? | | ????# #?## # """" # ##? Y" #???????????? | | ###?# ##?# ! " # ##? ? "?"?#???????????? | | #####/#### #####+#####g#?#?? ? ??????????????? | | ?# "#] ### ###@#####?#+???????????????? | | ##"""" ####/#### #?????????????? | | ?#"""" + ??????????????? | | ?#"""" ######### g ???Y??????????? | | ##"""" #???#?### ##########kg ?#????????????? | | ?# #??####?##########?#???#?a #?????????????? | | #########?###?#?##?#?###??#?##?? ??#?????????????? | | ??##?#####?##???####????????????k????????????????? | | ###?###?###???#?###??######??????? ??????????????? | | #?#???##??##????#?###???##?#?#?#???? ????????????? | | ???#????##??#??#?#?##?##?????????????????????????? | | #?#?# ?? ? ?? ?? ? ?????? ???k?????????????????? | | ##???????? ?????? ??? ?????????????????????????? | | ?#?#?? ??????? ? ??? ????????????????????????????? | | ?#????#??#?#??#?????o????????????????????????????? | | ??????????#??????????????????????????????????????? | | ??????#?#????"?? ????????????????????????????????? | | ?????????#???T ??????????????????????????????????? | | ?????????????????????????????????????????????????? | | ?????????????????????????????????????????????????? | | ?????????????????????????????????????????????????? | | ?????????????????????????????????????????????????? | | | | | | | +----------------------------------------------------+ Best States ------------- Heat Dissipation 25 Energy Generation 15 Energy Capacity 125 Matter Stores 350 Matter Capacity 350 Sight Range 18 Robot Scan Range 23 Terrain Scan Range 16 Terrain Scan Density 210 Armor Coverage 150 Resistance: KI 10 Resistance: TH 10 Resistance: EX 10 Evasion (%) 62 Melee Accuracy 5 Offensive Hacking 5 Defensive Hacking 5 Item Schematics ----------------- Hcp. Matter Pod | -10/Materials | Hacked Robot Schematics ------------------ None Fabricated ------------ Nothing Alien Tech Used ----------------- None Achievements -------------- Watch This! Challenges ------------ None RPGLIKE | -11 -10 -9 -8 -8 --------- Run | Scr Mat Mat Mat Sto Levels Raised 5 | . . 2 2 1 XP Earned 11135 | 3000 1015 3345 2315 1460 XP Spent 7740 | 1400 1600 2740 900 1100 Upgrades 28 | 5 4 15 3 1 Propulsion Slot 1 | . . 1 . . Utility Slot 3 | 1 1 . . 1 Weapon Slot 1 | . 1 . . . Energy Generation 1 | . . 1 . . Matter Storage 1 | . . 1 . . Mass Support 1 | 1 . . . . Inventory Capacity 2 | 2 . . . . Sight Range 2 | . 1 1 . . Sensor Range 5 | . . 5 . . Terrain Scan Density 2 | 1 . 1 . . Melee Accuracy 1 | . 1 . . . Hack Attack % 1 | . . 1 . . Hack Defense % 1 | . . 1 . . KI Resistance % 2 | . . 1 1 . TH Resistance % 2 | . . 1 1 . EX Resistance % 2 | . . 1 1 . Protomatter Created 29 | . 4 25 . . Protomatter Decayed 29 | . 4 25 . . Game ------ Seed XenonFortressCleaver Manual? 0 Play Time 00:47:27 Cumulative 189.6 hours Start 2020.05.08 @ 20:19:17 End 2020.05.08 @ 21:06:47 Sessions 1 Manual Loads 0 Difficulty Rogue Special Mode Winter2019/RPGLIKE Game No. 244 Rogue 233 Adventurer 11 Explorer 0 Win Type - Total 0 Types 0/0/0/0/0/0/0 Lore% 49 Gallery% 63 Achievement% 44 Wizard Run 0 Options --------- ASCII 0 Keyboard 1 Movement Numpad Keybinds 0 Fullscreen 1 Font 12/Terminus Map View 83x54 Tactical HUD 1 Map Filters NONE Filters NONE Steam X RUN: b1f02421-6572-465c-8da2-a5672b4f08d1